 Dungeon Crawl Stone Soup version 0.31.0-10-gcf4a605ca0 (webtiles) character file.

Game seed: 2951929287292609963

17460 DrabbleWriter the Skirmisher (level 12, -5/95 HPs)
             Began as a Gnoll Hunter on Jan 25, 2024.
             Was a High Priest of Okawaru.
             Slain by a minotaur
             ... wielding a +0 great mace
              (7 damage)
             ... in the Arena.
             The game lasted 00:48:10 (11721 turns).

DrabbleWriter the Skirmisher (Gnoll Hunter)        Turns: 11721, Time: 00:48:10

Health: -5/95      AC:  9    Str: 18    XL:     12   Next: 48%
Magic:  22/32      EV: 19    Int: 20    God:    Okawaru [*****.]
Gold:   544        SH:  0    Dex: 22    Spells: 4/26 levels left

rFire   . . .        k - +4 short sword (distort)
rCold   . . .        (no shield)
rNeg    + . .        d - +3 robe of Clouds {*Thunder rCloud rElec}
rPois   .            w - +1 helmet {SInv}
rElec   +            (no cloak)
rCorr   .            (no gloves)
SInv    +            v - +0 pair of boots of Jigsaw {MP+9 Dex+5 Slay-3}
Will    .....        D - amulet of Vodun {Faith Int+7}
Stlth   ++++         E - +6 ring of strength
HPRegen 0.35/turn    z - ring "Hauf Alu" {Wiz rN+ Str+2}
MPRegen 0.23/turn

%: faith, wizardry (x1)
@: duelling
A: fangs 1, strong nose, distributed training
a: Renounce Religion, Heroism, Finesse, Duel


You were in the Arena.
You worshipped Okawaru.
Okawaru was extremely pleased with you.
You visited 2 branches of the dungeon, and saw 10 of its levels.
You also visited: Bailey and Gauntlet.

You collected 544 gold pieces.

Inventory:

Hand Weapons
 k - a +4 short sword of distortion (weapon)
Missiles
 F - a javelin
 I - 3 curare-tipped darts
 N - 4 boomerangs (quivered)
 O - 2 throwing nets
Armour
 d - the +3 robe of Clouds (worn) {*Thunder rCloud rElec}
   (You acquired it on level 1 of the Dungeon)

   *Thunder:  It occasionally creates storm clouds above nearby enemies.
   rCloud:    It grants its wearer immunity to clouds.
   rElec:     It insulates you from electricity.
 v - the +0 pair of boots of Jigsaw (worn) {MP+9 Dex+5 Slay-3}
   (You found it in a bailey)

   Dex+5:     It affects your dexterity (+5).
   Slay-3:    It affects your accuracy & damage with ranged weapons and melee
   (-3).
   MP+9:      It affects your magic capacity (+9).
 w - a +1 helmet of see invisible (worn)
Jewellery
 c - an amulet of the acrobat
 o - a ring of fire
 u - a +6 ring of dexterity
 z - the ring "Hauf Alu" (right hand) {Wiz rN+ Str+2}
   (You found it in a Gauntlet)

   [ring of wizardry]

   Wiz:       It improves your spell success rate.
   Str+2:     It affects your strength (+2).
   rN+:       It protects you from negative energy.
 D - the amulet of Vodun (around neck) {Faith Int+7}
   (You acquired it on level 7 of the Dungeon)

   [amulet of faith]

   Faith:     It allows you to gain divine favour quickly.
   Int+7:     It affects your intelligence (+7).
 E - a +6 ring of strength (left hand)
 K - a ring of protection from cold
 Q - a ring of protection from fire
Talismans
 h - a serpent talisman
Wands
 j - a wand of paralysis (22)
 n - a wand of mindburst (17)
 L - a wand of flame (24)
Scrolls
 a - a scroll of immolation
 b - a scroll of butterflies
 q - 2 scrolls of torment
 t - 3 scrolls of teleportation
 x - a scroll of fog
 A - 2 scrolls of amnesia
 G - a scroll of noise
 P - a scroll of enchant armour
Potions
 f - 11 potions of degeneration
 g - 2 potions of attraction
 i - 2 potions of lignification {unknown}
 l - a potion of brilliance {unknown}
 m - a potion of resistance {unknown}
 p - a potion of magic {unknown}
 r - a potion of enlightenment {unknown}
 s - 2 potions of cancellation
 B - a potion of invisibility {unknown}
 C - a potion of haste {unknown}
 H - a potion of berserk rage {unknown}
 J - 2 potions of mutation
 M - a potion of heal wounds {unknown}
Miscellaneous
 R - a phial of floods


   Skills:
 + Level 9.0 Fighting
 + Level 7.6 Short Blades
 + Level 7.6 Long Blades
 + Level 7.6 Axes
 + Level 7.6 Maces & Flails
 + Level 7.6 Polearms
 + Level 7.6 Staves
 + Level 11.4 Ranged Weapons
 + Level 7.6 Throwing
 + Level 7.6 Armour
 + Level 9.0 Dodging
 + Level 8.0 Stealth
 + Level 7.6 Shields
 + Level 7.6 Unarmed Combat
 + Level 7.6 Spellcasting
 + Level 6.3 Conjurations
 + Level 6.3 Hexes
 + Level 6.3 Summonings
 + Level 6.3 Necromancy
 + Level 6.3 Translocations
 + Level 6.3 Fire Magic
 + Level 6.3 Ice Magic
 + Level 6.3 Air Magic
 + Level 6.3 Earth Magic
 + Level 6.3 Alchemy
 + Level 8.3 Invocations
 + Level 7.6 Evocations
 + Level 6.9 Shapeshifting


You had 4 spell levels left.
You knew the following spells:

 Your Spells              Type           Power      Damage    Failure   Level
a - Olgreb's Toxic Radia  Alch           32%        N/A       2%          4
b - Vhi's Electric Charg  Tloc/Air       64%        N/A       2%          4
c - Arcjolt               Conj/Air       16%        1d26      8%          5
d - Dispel Undead         Necr           32%        3d14      2%          4
e - Alistair's Intoxicat  Alch           21%        N/A       8%          5

Your spell library contained the following spells:

 Spells                   Type           Power      Damage    Failure   Level
 Apportation              Tloc           64%        N/A       1%          1
 Cigotuvi's Dreadful Rot  Necr/Alch/Air  64%        N/A       1%          2
 Jinxbite                 Hex            64%        N/A       1%          2
 Hailstorm                Conj/Ice       32%        3d8       1%          3
 Plasma Beam              Fire/Air       16%        2x1d27    38%         6
 Ozocubu's Refrigeration  Ice            16%        4d11      89%         7
 Discord                  Hex            16%        N/A       100%        8
 Summon Ice Beast         Ice/Summ       Unusable   N/A       N/A         3
 Martyr's Knell           Necr/Summ      Unusable   N/A       N/A         4
 Death Channel            Necr           Unusable   N/A       N/A         6
 Sculpt Simulacrum        Ice/Alch       Unusable   N/A       N/A         6

Dungeon Overview and Level Annotations

Branches:
Dungeon (9/15)             Temple (0/1) D:6            Lair (1/5) D:9
    Orc (0/2) D:9          Bailey (visited)         Gauntlet (visited)

Altars:
Gozag
Kikubaaqudgha
Nemelex Xobeh
Qazlal
Trog
Vehumet
Yredelemnul
The Shining One

Shops:
D:8 :

Annotations:
Abyss:1 Gastronok Gauntlet 7 transporters, 3 runed translucent doors


Innate Abilities, Weirdness & Mutations

You have very sharp teeth.
Your uncanny sense of smell can sniff out nearby items.
Your experience applies equally to all skills.


Message History

Press: ? - help, v - describe, . - travel
Here: a minotaur, wielding a +0 great mace, wearing a +0 chain mail and quivering silver javelins (wandering, hasn't noticed you)
The floor.
Aiming: Duel (28% risk of failure)
Press: ? - help, Dir - move target, f - minotaur
Aim: a minotaur, wielding a +0 great mace, wearing a +0 chain mail and quivering silver javelins (wandering, hasn't noticed you)
You enter into single combat with the minotaur!
The minotaur bellows!
You enter Okawaru's Arena!
Found a gate leading back out of this place.
The spectator shouts! x4
The minotaur hits you with a +0 great mace!!
The minotaur gores you but does no damage.
There is an empty arch of ancient stone, spattered with blood here.
Aiming: Paralyse
Press: ? - help, Shift-Dir - straight line, f - minotaur
Aim: a minotaur, wielding a +0 great mace, wearing a +0 chain mail and quivering silver javelins (chance to affect: 8%)
Okay, then.
Okay, then.
Casting: Olgreb's Toxic Radiance (dangerous; 2% risk of failure)
Confirm with . or Enter, or press ? or * to list all spells.
You begin to radiate toxic energy.
The minotaur is poisoned.
The spectator shouts! x2
The minotaur hits you with a +0 great mace!!
The minotaur closely misses you.
Unknown command.
As you read the scroll of fear, it crumbles to dust.
You assume a fearsome visage.
The minotaur resists with almost no effort.
The minotaur looks even sicker.
Your toxic aura wanes.
The minotaur hits you with a +0 great mace!!
* * * LOW HITPOINT WARNING * * *
The minotaur closely misses you.
You feel better.
The minotaur hits you with a +0 great mace!
* * * LOW HITPOINT WARNING * * *
The minotaur gores you!
You die...
Okawaru crowns the minotaur victorious!

#########
#.▓...▓.#
#p▓.8.▓.#
#▓▓...▓.#
#.▓...▓.#
#p▓...▓p#
#▓▓...▓p#
#∩▓.@H▓▓#
#▓▓...▓p#
#p▓...▓p#
#.▓...▓.#
#▓▓...▓.#
#p▓.8.▓.#
#.▓...▓.#
#########


You could see a minotaur (very poisoned).

Vanquished Creatures
  An entropy weaver (Gauntlet)
  Harold (D:9)
  2 death yaks (D:9)
  An orc knight (Bailey)
  A wolf spider (Gauntlet)
  4 elephants (Lair:1)
  3 cane toads (Lair:1)
  Jeremiah (D:9)
  A komodo dragon (Lair:1)
  2 kobold demonologists (Bailey)
  2 hornets (Gauntlet)
  A wraith (D:8)
  2 wyverns
  12 yaks
  Eustachio (D:4)
  A steam dragon (D:9)
  A redback (Gauntlet)
  3 swamp worms (Gauntlet)
  3 water moccasins
  2 ice beasts
  11 orc warriors
  An ogre (D:4)
  A wolf (Lair:1)
  3 centaurs
  3 kobold brigands
  4 bullfrogs
  3 scorpions
  9 wights
  13 killer bees
  The ghost of Jase the Ruffian, a weakling DrSh of Jiyva (D:3)
  3 howler monkeys
  2 electric eels (Bailey)
  6 hounds
  A jelly (D:7)
  A bombardier beetle (D:4)
  6 orc priests
  2 sleepcaps (D:5)
  Jessica (D:3)
  Ijyb (D:3)
  4 iguanas
  10 orc wizards
  Robin (D:3)
  4 adders
  6 gnolls
  2 ufetubi (D:3)
  4 ribbon worms
  A dart slug (D:5)
  27 orcs
  10 bats
  4 endoplasms (D:1)
  2 giant cockroaches (D:1)
  18 hobgoblins
  8 jackals
  20 kobolds
  5 quokkas
  12 ball pythons
  2 frilled lizards
  17 goblins
  23 rats
297 creatures vanquished.

Notes
Turn   | Place    | Note
-------+----------+-------------------------------------------
     0 | D:1      | DrabbleWriter the Gnoll Hunter began the quest for the Orb.
     0 | D:1      | Reached XP level 1. HP: 20/20 MP: 1/1
    26 | D:1      | Identified a scroll of acquirement
    26 | D:1      | Acquired the +3 robe of Clouds {*Thunder rCloud rElec}
    26 | D:1      | Found the +3 robe of Clouds {*Thunder rCloud rElec}
   110 | D:1      | Reached XP level 2. HP: 26/26 MP: 2/2
   142 | D:2      | Found an ancient bone altar of Kikubaaqudgha.
   818 | D:2      | Reached XP level 3. HP: 31/31 MP: 3/3
  1021 | D:3      | Reached skill level 1 in Invocations
  1038 | D:3      | Found a large runed translucent door.
  1042 | D:3      | Found a large runed translucent door.
  1047 | D:3      | Noticed Jase's ghost (weakling DrSh)
  1120 | D:3      | Reached skill level 1 in Short Blades
  1120 | D:3      | Reached skill level 1 in Long Blades
  1120 | D:3      | Reached skill level 1 in Axes
  1120 | D:3      | Reached skill level 1 in Maces & Flails
  1120 | D:3      | Reached skill level 1 in Polearms
  1120 | D:3      | Reached skill level 1 in Staves
  1120 | D:3      | Reached skill level 1 in Throwing
  1120 | D:3      | Reached skill level 1 in Armour
  1120 | D:3      | Reached skill level 1 in Shields
  1120 | D:3      | Reached skill level 1 in Unarmed Combat
  1120 | D:3      | Reached skill level 1 in Spellcasting
  1120 | D:3      | Reached skill level 1 in Evocations
  1147 | D:3      | Reached skill level 1 in Shapeshifting
  1147 | D:3      | Reached XP level 4. HP: 25/38 MP: 5/5
  1299 | D:4      | Reached skill level 1 in Conjurations
  1299 | D:4      | Reached skill level 1 in Hexes
  1299 | D:4      | Reached skill level 1 in Summonings
  1299 | D:4      | Reached skill level 1 in Necromancy
  1299 | D:4      | Reached skill level 1 in Translocations
  1299 | D:4      | Reached skill level 1 in Fire Magic
  1299 | D:4      | Reached skill level 1 in Ice Magic
  1299 | D:4      | Reached skill level 1 in Air Magic
  1299 | D:4      | Reached skill level 1 in Earth Magic
  1299 | D:4      | Reached skill level 1 in Alchemy
  1367 | D:4      | Noticed a scorpion
  1373 | D:4      | Noticed Eustachio
  1691 | D:4      | Noticed an ogre
  1695 | D:4      | Reached XP level 5. HP: 43/43 MP: 7/7
  1709 | D:4      | Killed an ogre
  1710 | D:4      | Reached XP level 6. HP: 50/50 MP: 8/8
  1725 | D:4      | Reached skill level 5 in Fighting
  1725 | D:4      | Reached skill level 5 in Dodging
  1823 | D:4      | Killed Eustachio
  1849 | D:4      | Reached XP level 7. HP: 55/56 MP: 10/10
  2288 | D:5      | Entered Level 5 of the Dungeon
  2460 | D:5      | Found a stormy altar of Qazlal.
  2472 | D:5      | Reached skill level 9 in Ranged Weapons
  2480 | D:5      | Found a bloodstained altar of Trog.
  2653 | D:5      | Reached XP level 8. HP: 60/63 MP: 12/12
  3179 | D:5      | You fall into a shaft and drop 3 floors!
  3187 | D:8      | Noticed a wyvern
  3191 | D:8      | Killed a wyvern
  3195 | D:8      | Found Zeucie Waarph's Book Shop.
  3300 | D:8      | Found a flagged portal.
  3309 | D:8      | Identified the +0 war axe "Pyol" {heavy, rPois Str+3 SInv
                  | Stlth+}
  3320 | Bailey   | Entered a bailey
  3678 | Bailey   | Acquired the +9 chain mail of the Northern Lights {Regen+}
  3682 | Bailey   | Noticed a kobold demonologist
  3687 | Bailey   | Noticed a ynoxinul
  3688 | Bailey   | Killed a kobold demonologist
  3689 | Bailey   | Reached XP level 9. HP: 69/69 MP: 13/15
  3834 | Bailey   | Reached skill level 5 in Stealth
  3923 | Bailey   | Noticed an orc knight
  3930 | Bailey   | Banished an orc knight
  3931 | Bailey   | Reached skill level 5 in Invocations
  4237 | Bailey   | Found an iron altar of Okawaru.
  4237 | Bailey   | Noticed a kobold demonologist
  4237 | Bailey   | Noticed an orc knight
  4246 | Bailey   | Killed an orc knight
  4251 | Bailey   | Reached skill level 5 in Short Blades
  4251 | Bailey   | Reached skill level 5 in Long Blades
  4251 | Bailey   | Reached skill level 5 in Axes
  4251 | Bailey   | Reached skill level 5 in Maces & Flails
  4251 | Bailey   | Reached skill level 5 in Polearms
  4251 | Bailey   | Reached skill level 5 in Staves
  4251 | Bailey   | Reached skill level 5 in Throwing
  4251 | Bailey   | Reached skill level 5 in Armour
  4251 | Bailey   | Reached skill level 5 in Shields
  4251 | Bailey   | Reached skill level 5 in Unarmed Combat
  4251 | Bailey   | Reached skill level 5 in Spellcasting
  4251 | Bailey   | Reached skill level 5 in Evocations
  4251 | Bailey   | Reached XP level 10. HP: 54/77 MP: 17/17
  4258 | Bailey   | Killed a kobold demonologist
  4259 | Bailey   | Reached skill level 10 in Ranged Weapons
  4411 | Bailey   | Identified the +0 pair of boots of Jigsaw {MP+9 Dex+5
                  | Slay-3}
  4416 | Bailey   | Identified the +1 leather armour of Tomorrow {*Slow Str+6}
  4448 | Bailey   | Learned a level 4 spell: Olgreb's Toxic Radiance
  4448 | Bailey   | Acquired a +1 helmet of see invisible
  4483 | Bailey   | Became a worshipper of Warmaster Okawaru
  4688 | D:8      | Reached * piety under Okawaru
  4700 | D:8      | Reached skill level 5 in Shapeshifting
  4841 | D:8      | Found a sparkling altar of Nemelex Xobeh.
  5624 | D:7      | Learned a level 4 spell: Vhi's Electric Charge
  5630 | D:7      | Learned a level 5 spell: Arcjolt
  5635 | D:7      | Acquired the amulet of Vodun {Faith Int+7}
  5892 | D:7      | Identified the +3 leather armour of Ciob {rF- rC++ Will+++
                  | rCorr}
  6104 | D:7      | Found a glowing golden altar of the Shining One.
  6116 | D:7      | Found an ancient bone altar of Kikubaaqudgha.
  6119 | D:7      | Found an opulent altar of Gozag.
  6202 | D:6      | Reached ** piety under Okawaru
  6209 | D:6      | Found a staircase to the Ecumenical Temple.
  7292 | D:3      | Noticed Robin
  7298 | D:3      | Killed Robin
  7524 | D:3      | Found a basalt altar of Yredelemnul.
  7544 | D:3      | Noticed Ijyb
  7551 | D:3      | Killed Ijyb
  7639 | D:3      | Found a radiant altar of Vehumet.
  7683 | D:3      | Noticed Jessica
  7684 | D:3      | Killed Jessica
  8118 | D:3      | Killed Jase's ghost
  8354 | D:1      | Found a faded altar of an unknown god.
  8374 | D:1      | Learned a level 4 spell: Dispel Undead
  9546 | D:9      | Noticed Gastronok
  9553 | D:9      | Banished Gastronok
  9554 | D:9      | Reached skill level 5 in Conjurations
  9554 | D:9      | Reached skill level 5 in Hexes
  9554 | D:9      | Reached skill level 5 in Summonings
  9554 | D:9      | Reached skill level 5 in Necromancy
  9554 | D:9      | Reached skill level 5 in Translocations
  9554 | D:9      | Reached skill level 5 in Fire Magic
  9554 | D:9      | Reached skill level 5 in Ice Magic
  9554 | D:9      | Reached skill level 5 in Air Magic
  9554 | D:9      | Reached skill level 5 in Earth Magic
  9554 | D:9      | Reached skill level 5 in Alchemy
  9554 | D:9      | Reached XP level 11. HP: 77/86 MP: 20/20
  9796 | D:9      | Noticed Harold
  9811 | D:9      | Killed Harold
  9856 | D:9      | Identified the +0 long sword "Yxasawk" {venom, rPois rF+
                  | rC++ Int-3}
  9904 | D:9      | Learned a level 5 spell: Alistair's Intoxication
  9973 | D:9      | Noticed a death yak
  9980 | D:9      | Reached *** piety under Okawaru
  9981 | D:9      | Noticed a death yak
  9983 | D:9      | Noticed a death yak
  9988 | D:9      | Banished a death yak
 10002 | D:9      | Killed a death yak
 10004 | D:9      | Reached **** piety under Okawaru
 10015 | D:9      | Killed a death yak
 10019 | D:9      | Reached skill level 11 in Ranged Weapons
 10026 | D:9      | Found a staircase to the Lair.
 10176 | D:9      | Noticed Jeremiah
 10187 | D:9      | Killed Jeremiah
 10589 | D:9      | Found a staircase to the Orcish Mines.
 10650 | Lair:1   | Entered Level 1 of the Lair of Beasts
 10661 | Lair:1   | Reached ***** piety under Okawaru
 10733 | Lair:1   | Reached XP level 12. HP: 16/94 MP: 19/22
 10867 | Lair:1   | Noticed a death yak
 10868 | Lair:1   | Noticed a death yak
 10868 | Lair:1   | Noticed a death yak
 10869 | Lair:1   | Noticed a death yak
 10869 | Lair:1   | Noticed a death yak
 11025 | Lair:1   | Found a gate leading to a gauntlet.
 11030 | Gauntlet | Entered a Gauntlet
 11030 | Gauntlet | Found a transporter.
 11193 | Gauntlet | Found a transporter.
 11195 | Gauntlet | Found a transporter.
 11198 | Gauntlet | Noticed a tengu warrior
 11199 | Gauntlet | Found a runed translucent door.
 11209 | Gauntlet | Found a runed translucent door.
 11213 | Gauntlet | Found a transporter.
 11215 | Gauntlet | Found a transporter.
 11231 | Gauntlet | Found a transporter.
 11245 | Gauntlet | Found a transporter.
 11245 | Gauntlet | Noticed a wretched star
 11254 | Gauntlet | Noticed an entropy weaver
 11255 | Gauntlet | Found a transporter.
 11262 | Gauntlet | Noticed a hell beast
 11264 | Gauntlet | Found a transporter.
 11268 | Gauntlet | Found a runed translucent door.
 11283 | Gauntlet | Found a transporter.
 11295 | Gauntlet | Found a runed translucent gate.
 11297 | Gauntlet | Found a transporter.
 11297 | Gauntlet | Found a runed translucent gate.
 11297 | Gauntlet | Found a transporter.
 11299 | Gauntlet | Found a runed translucent gate.
 11352 | Gauntlet | Received a gift from Okawaru
 11393 | Gauntlet | Found a transporter.
 11499 | Gauntlet | Killed an entropy weaver
 11690 | Gauntlet | Identified the ring "Hauf Alu" {Wiz rN+ Str+2}
 11717 | Gauntlet | Noticed a minotaur
 11718 | Arena    | Entered the Arena
 11721 | Arena    | HP: 2/95 [minotaur/+0 great mace (12)]
 11721 | Arena    | Slain by a minotaur

Illustrated notes

Levels and vault maps discovered:
D:1:      mrwooster_arrival_statue, layout_loops_corners,
          shapermc_ecumenical_altar_venn
D:2:      layout_loops_ring, basic_altar
D:3:      layout_loops_corners, old_standard_altar, lemuel_tele_altar,
          ebering_ghost_disaster_area, uniq_robin, uniq_ijyb, uniq_jessica
D:4:      layout_basic, st_stairs_8, minmay_rat_hole, uniq_eustachio
D:5:      layout_loops_ring, jmf_multi_god_temple2
D:6:      layout_layer_cave, minmay_temple_entry_large_hall
D:7:      layout_gridville, minmay_overflow_temple_star_quad
D:8:      layout_basic, mainiacjoe_overflow_six_doors_small, serial_shops, shop,
          enter_bailey_7, serial_bayou_pond_e, serial_park_tiny_1
D:9:      layout_roguey, dpeg_lair_monsters, orc_0_dummy, st_stairs_2,
          uniq_harold, uniq_gastronok, uniq_jeremiah
Lair:1:   wander_river, layout_chaotic_city, gauntlet_entry_generic, tgw_fedhas,
          serial_bayou_shore_b
Gauntlet: minmay_gauntlet_77_tree [minmay_gauntlet_arena_77_two_lines,
          minmay_gauntlet_arena_77_cramped, minmay_gauntlet_arena_77_run_for_it,
          minmay_gauntlet_arena_77_box, minmay_gauntlet_arena_77_mirror,
          minmay_gauntlet_arena_77_museum, minmay_gauntlet_arena_77_path,
          gauntlet_exit_green]
Arena

Skill      XL: |  1  2  3  4  5  6  7  8  9 10 11 12 |
---------------+-------------------------------------+-----
Invocations    | 1 2 3 4 5 6 7 8 |  8.3
Short Blades   | 1 2 3 4 5 6 7 |  7.6
Long Blades    | 1 2 3 4 5 6 7 |  7.6
Axes           | 1 2 3 4 5 6 7 |  7.6
Maces & Flails | 1 2 3 4 5 6 7 |  7.6
Polearms       | 1 2 3 4 5 6 7 |  7.6
Staves         | 1 2 3 4 5 6 7 |  7.6
Throwing       | 1 2 3 4 5 6 7 |  7.6
Armour         | 1 2 3 4 5 6 7 |  7.6
Shields        | 1 2 3 4 5 6 7 |  7.6
Unarmed Combat | 1 2 3 4 5 6 7 |  7.6
Spellcasting   | 1 2 3 4 5 6 7 |  7.6
Evocations     | 1 2 3 4 5 6 7 |  7.6
Shapeshifting  | 1 2 3 4 5 6 |  6.9
Conjurations   | 1 2 3 4 5 6 |  6.3
Hexes          | 1 2 3 4 5 6 |  6.3
Summonings     | 1 2 3 4 5 6 |  6.3
Necromancy     | 1 2 3 4 5 6 |  6.3
Translocations | 1 2 3 4 5 6 |  6.3
Fire Magic     | 1 2 3 4 5 6 |  6.3
Ice Magic      | 1 2 3 4 5 6 |  6.3
Air Magic      | 1 2 3 4 5 6 |  6.3
Earth Magic    | 1 2 3 4 5 6 |  6.3
Alchemy        | 1 2 3 4 5 6 |  6.3
Stealth        | 3 4 5 6 7 8 |  8.0
Fighting       | 5 6 7 8 9 |  9.0
Dodging        | 5 6 7 8 9 |  9.0
Ranged Weapons | 9 10 11 | 11.4

Action                     |  1- 3 |  4- 6 |  7- 9 | 10-12 || total
---------------------------+-------+-------+-------+-------++-------
  Melee: Hand axe          |     1 |       |       |       ||     1
         Short sword       |       |    54 |   128 |   281 ||   463
         Bite              |       |     6 |    13 |    42 ||    61
         Punch             |       |     1 |     3 |    15 ||    19
   Fire: Shortbow          |    75 |       |       |       ||    75
  Throw: Dart              |       |    15 |    38 |    11 ||    64
         Boomerang         |       |       |       |    57 ||    57
   Cast: Vhi's Electric Ch |       |       |       |    27 ||    27
         Olgreb's Toxic Ra |       |       |       |    34 ||    34
         Arcjolt           |       |       |       |     2 ||     2
         Dispel Undead     |       |       |       |     6 ||     6
         Alistair's Intoxi |       |       |       |     1 ||     1
 Invoke: Duel              |       |       |       |     1 ||     1
  Evoke: Wand              |       |       |     2 |     5 ||     7
    Use: Scroll            |     6 |     2 |     5 |    12 ||    25
         Potion            |       |     2 |       |     5 ||     7
   Stab: Sleeping          |       |       |     8 |     8 ||    16
         Paralysed         |       |       |       |     1 ||     1
 Armour: Robe              |    11 |    18 |    61 |   102 ||   192
  Dodge: Dodged            |    13 |    29 |    74 |   231 ||   347
         Form:             |     1 |       |       |       ||     1
         Serpent           |     1 |       |       |       ||     1
